 Dungeon Crawl Stone Soup version 0.27-a0-765-ge4d627daa3 (webtiles) character file.

Game seed: 16064698973089268752

278356 rjrrt the Executioner (level 19, -13/174 HPs)
             Began as a Minotaur Berserker on Mar 24, 2021.
             Was the Champion of Trog.
             Splashed by a tengu reaver's acid (15 damage)
             ... on level 2 of the Vaults.
             The game lasted 01:21:24 (40765 turns).

rjrrt the Executioner (Minotaur Berserker)         Turns: 40765, Time: 01:21:25

Health: -13/174    AC: 33    Str: 31    XL:     19   Next: 63%
Magic:  18/18      EV: 21    Int:  7    God:    Trog [******]
Gold:   4336       SH:  0    Dex: 11    Spells: 18/18 levels left

rFire    + + .     SeeInvis .   a - +3 executioner's axe (vorpal)
rCold    . . .     Faith    .   (shield currently unavailable)
rNeg     . . .     Spirit   .   I - +3 plate armour {Will+}
rPois    +         Reflect  .   e - +1 hat of Weocylo {rF+ Str+2 Int+3}
rElec    .         Harm     .   u - +1 cloak of Starlight {*Dazzle EV+4 Stlth--}
rCorr    .         Rampage  .   C - +2 pair of gloves {archery}
Will     +++..                  m - +0 pair of boots
Stlth    ..........             (no amulet)
HPRegen  0.39/turn              S - +4 ring of evasion
MPRegen  0.16/turn              J - ring "Wixi" {*Contam rPois rF+ Will+ AC+4}

@: marked
A: horns 2, retaliatory headbutt
}: 2/15 runes: barnacled, gossamer
a: Renounce Religion, Berserk, Trog's Hand, Brothers in Arms


You were on level 2 of the Vaults.
You worshipped Trog.
Trog was exalted by your worship.
You visited 6 branches of the dungeon, and saw 33 of its levels.
You also visited: Bailey.

You collected 4635 gold pieces.
You spent 299 gold pieces at shops.

Inventory:

Hand Weapons
 a - a +3 vorpal executioner's axe (weapon)
 b - a +9 antimagic executioner's axe
 f - a +6 battleaxe of flaming
 B - the +4 dagger "Ikohist" {venom, rElec Will+++ Dex-5 Stlth-}
   (You found it on level 6 of the Dungeon)

   It poisons the flesh of those it strikes.
   It affects your dexterity (-5).
   It insulates you from electricity.
   It affects your willpower, your defense against some magical effects.
   It makes you less stealthy.
 X - a +1 demon trident of draining
Missiles
 l - 11 curare-tipped darts
 q - 106 boomerangs (quivered)
Armour
 e - the +1 hat of Weocylo (worn) {rF+ Str+2 Int+3}
   (You acquired it on level 8 of the Dungeon)

   It affects your strength (+2).
   It affects your intelligence (+3).
   It protects you from fire.
 m - a +0 pair of boots (worn)
 u - the +1 cloak of Starlight (worn) {*Dazzle EV+4 Stlth--}
   (You found it on level 6 of the Dungeon)

   It affects your evasion (+4).
   It makes you much less stealthy.
 C - a +2 pair of gloves of archery (worn)
 I - a +3 plate armour of willpower (worn)
Jewellery
 h - a ring of flight
 j - a ring of ice
 J - the ring "Wixi" (left hand) {*Contam rPois rF+ Will+ AC+4}
   (You found it on level 2 of the Lair of Beasts)

   [ring of protection]

   It affects your AC (+4).
   It protects you from fire.
   It protects you from poison.
   It affects your willpower, your defense against some magical effects.
   It causes magical contamination when unequipped.
 S - a +4 ring of evasion (right hand)
 U - a ring of resist corrosion
 V - a ring of see invisible
Wands
 t - a wand of paralysis (25)
 x - a wand of acid (27)
 z - a wand of iceblast (24)
 D - a wand of polymorph (16)
 G - a wand of charming (22)
 H - a wand of digging (3)
 K - a wand of random effects (43)
 O - a wand of mindburst (28)
Scrolls
 g - 16 scrolls of teleportation
 s - 7 scrolls of enchant armour
 v - 19 scrolls of identify
 F - 4 scrolls of magic mapping
 M - 3 scrolls of blinking
 N - 8 scrolls of fog
 T - 4 scrolls of fear
Potions
 d - 4 potions of might
 i - 6 potions of haste
 k - 7 potions of heal wounds
 n - 2 potions of resistance
 o - a potion of cancellation
 p - 11 potions of flight
 r - 14 potions of curing
 w - 6 potions of ambrosia
 A - 3 potions of lignification
 E - 3 potions of mutation
 P - 2 potions of invisibility
 Q - a potion of berserk rage
 W - 2 potions of attraction
Miscellaneous
 y - a box of beasts
 L - a phantom mirror


   Skills:
 + Level 16.8 Fighting
 * Level 25.7 Axes
 + Level 16.6 Armour
 - Level 15.0 Dodging
 + Level 10.4 Evocations


You had 18 spell levels left.
You didn't know any spells.
Your spell library was empty.

Dungeon Overview and Level Annotations

Branches:
Dungeon (15/15)            Temple (0/1) D:6            Lair (6/6) D:9
 Shoals (4/4) Lair:4       Spider (4/4) Lair:3        Slime (0/5) Lair:5
    Orc (2/2) D:12            Elf (0/3) Orc:2        Vaults (2/5) D:14
  Crypt (0/3) Vaults:2     Depths (0/5) D:15         Bailey (visited)

Altars:
Ashenzari
Cheibriados
Dithmenos
Elyvilon
Fedhas
Gozag
Hepliaklqana
Makhleb
Nemelex Xobeh
Okawaru
Qazlal
Ru
Sif Muna
Trog
Xom
Yredelemnul
Zin
Beogh

Shops:
D:13 **(((   Orc:2 [*(=   Shoals:3 *   Shoals:4 [

Annotations:
Spider:1 Roxanne
Vaults:2 Saint Roka


Innate Abilities, Weirdness & Mutations

You have a pair of horns on your head.
You reflexively headbutt those who attack you in melee.


Message History

Unknown command.
You slice the yaktaur captain!! You headbutt the yaktaur captain!
The yaktaur captain is severely wounded.
You slash the centaur warrior! You closely miss the tengu reaver.
You hit the orc warrior but do no damage.
The centaur warrior closely misses you. The centaur warrior barely misses you.
The tengu reaver hits you with a +0 vampiric war axe!
The tengu reaver draws strength from your wounds!
The tengu reaver pecks you but does no damage.
The tengu reaver claws you but does no damage.
The yaktaur captain hits you but does no damage.
An orc warrior comes into view. It is wielding a +0 glaive.
Saint Roka calls down the wrath of Beogh upon you.
Beogh smites you!
A vault warden comes into view. It is wielding a +0 long sword.
The centaur warrior wields a +0 longbow.
The centaur warrior shoots an arrow.
The arrow misses you.
The tengu reaver hits you with a +0 vampiric war axe!
The tengu reaver draws strength from your wounds!
The tengu reaver pecks you but does no damage.
The tengu reaver completely misses you.
Things that are here:
a +0 longbow; 24 arrows The tengu reaver closely misses you.
You furiously retaliate!
You headbutt the tengu reaver!! The tengu reaver pecks you.
The tengu reaver closely misses you.
Things that are here:
a +0 shortbow; 15 arrows
There is a large open door, spattered with blood here.
The centaur warrior shoots an arrow.
The arrow completely misses you.
Things that are here:
a +0 scale mail; a +0 mace The tengu reaver gestures at you while chanting.
The bolt of cold hits you!!
* * * LOW HITPOINT WARNING * * *
The tengu reaver casts a spell at you. The bolt of acid hits you!!
* * * LOW HITPOINT WARNING * * *
You are splashed with acid!
You die...

.....############p###############
.....# #..o.# .....# #..)O#
.....# #####''##### .....#
#..#.[c.#..# .....# #..#[cQ.#..#
.....# #..#.[..#..# .....#
#..#....#.^# .....# #..##'@##..#
.....# #..........# .....#
#..........# .....#
#####'########
.....#########.........#
.....#.....[##.........#
.....'......##[.<......#
.....#......##.........#
.....#......##.......<.#


You could see Saint Roka, a tengu reaver, a yaktaur captain, a centaur warrior
and an ogre.

Vanquished Creatures
  Jory (Vaults:2)
  Jorgrun (Shoals:1)
  Polyphemus (Shoals:3)
  A sphinx (Vaults:1)
  Kirke (Lair:6)
  Donald (Vaults:1)
  3 ghost moths
  An orc warlord (Orc:1)
  3 emperor scorpions
  A vault warden (Vaults:1)
  2 stone giants (Shoals:4)
  6 ironbound preservers
  A spark wasp (Spider:2)
  3 entropy weavers
  4 dire elephants
  The ghost of rz the Covert, a journeyman NaVM of Gozag (Lair:2)
  2 merfolk javelineers
  2 ettins
  2 jiangshi (Vaults:2)
  2 great orbs of eyes (Vaults:2)
  3 merfolk impalers (Shoals:4)
  2 boulder beetles
  11 hydras
  2 yaktaur captains (Vaults:1)
  An ogre mage (D:15)
  Erolcha (D:10)
  An ironbound thunderhulk (Vaults:2)
  8 vault guards (D:14)
  4 catoblepae
  2 ironbound frosthearts (Vaults:2)
  9 centaur warriors
  2 satyrs
  4 merfolk avatars
  4 merfolk aquamancers
  A vampire mage (Vaults:2)
  13 death yaks
  A titan zombie (Vaults:1)
  5 death scarabs (Spider:4)
  7 two-headed ogres
  A tengu warrior (D:13)
  5 ironbound beastmasters
  3 orc high priests (Orc:2)
  3 spectral emperor scorpions (Spider:4)
  7 skeletal warriors (D:14)
  11 sea snakes
  29 deep trolls
  6 lindwurms
  An orange crystal statue (D:12)
  3 wizards
  A phantasmal warrior (Vaults:2)
  3 ironbound convokers
  17 harpies
  A deep elf pyromancer (D:15)
  6 orc knights
  5 large abominations (D:15)
  A necromancer (Vaults:1)
  2 spectral wolf spiders (Spider:4)
  6 orc sorcerers
  12 ugly things
  7 orb spiders
  30 wolf spiders
  9 fauns
  2 oklob plants (Lair:1)
  10 manticores
  4 moths of wrath
  4 cyclopes
  Maurice (D:10)
  9 vault sentinels
  10 elephants
  4 water nymphs
  5 black mambas
  5 merfolk sirens
  3 torpor snails
  3 rime drakes
  11 cane toads
  A kobold demonologist (D:14)
  2 tengu conjurers
  7 komodo dragons
  15 demonic crawlers
  4 spectral redbacks (Spider:4)
  2 ice devils (Orc:2)
  A redback zombie (Spider:4)
  2 human zombies (Vaults:1)
  5 trolls
  12 polar bears
  34 jumping spiders
  5 wind drakes
  14 merfolk
  Grinder (D:4)
  11 hornets
  4 spectral tarantellas (Spider:4)
  A hornet (shapeshifter) (D:14)
  An ettin zombie (Vaults:1)
  4 jumping spider zombies (Spider:4)
  11 snapping turtles
  A spectral jumping spider (Spider:4)
  14 slime creatures
  2 raiju (Lair:6)
  13 blink frogs
  4 dream sheep (Shoals:2)
  91 redbacks
  A shadow (D:11)
  10 water elementals
  3 wraiths
  6 wyverns
  38 yaks
  5 hogs (Lair:6)
  33 tarantellas
  A yak (shapeshifter) (D:15)
  3 basilisks
  4 steam dragons
  16 vampire mosquitoes
  12 wargs
  18 water moccasins
  13 hell hounds (Lair:6)
  2 spectral hornets (Spider:4)
  30 orc warriors
  15 black bears
  A necrophage (D:5)
  3 ice beasts
  7 ogres
  7 small abominations (D:15)
  A hornet zombie (Spider:4)
  33 wolves
  34 centaurs
  4 kobold brigands (D:14)
  15 bullfrogs
  A water moccasin zombie (D:6)
  2 scorpions (D:5)
  14 wights
  A howler monkey (D:7)
  An electric eel (D:13)
  2 hounds (D:6)
  25 orc priests
  A centaur skeleton (D:7)
  6 jellies
  Crazy Yiuf (D:6)
  A bullfrog skeleton (D:7)
  A gnoll shaman (D:10)
  5 hell rats (Lair:4)
  3 worker ants
  28 orc wizards
  2 killer bee zombies
  A hound skeleton (D:4)
  A howler monkey zombie (D:6)
  10 gnolls
  A howler monkey skeleton (D:6)
  6 adders
  A shadow imp (D:7)
  A white imp (D:7)
  An ufetubus (D:5)
  An adder zombie (D:5)
  2 worms
  3 dart slugs
  106 orcs
  6 ball pythons
  5 bats (D:1)
  12 endoplasms
  4 giant cockroaches
  12 goblins
  11 hobgoblins
  18 jackals
  3 quokkas (D:1)
  4 frilled lizards
  19 kobolds
  2 rats
1261 creatures vanquished.

Vanquished Creatures (collateral kills)
  Rupert (D:14)
  An emperor scorpion (Spider:4)
  2 orc warlords
  An ironbound preserver (Vaults:1)
  A merfolk javelineer (Shoals:4)
  A boulder beetle (D:11)
  A merfolk aquamancer (Shoals:4)
  A death scarab (Spider:4)
  A two-headed ogre (D:11)
  A skeletal warrior (D:14)
  An orc sorcerer (Orc:2)
  2 orc knights (Orc:2)
  An ugly thing (Vaults:1)
  2 merfolk
  A redback (Spider:4)
  A tarantella (Spider:4)
  6 orc warriors (Orc:2)
  2 orc priests (Orc:2)
  An orc wizard (Orc:2)
  An orc (Orc:2)
29 creatures vanquished.

Vanquished Creatures (others)
  A faun (Shoals:2)
  34 fungi
  83 plants
118 creatures vanquished.

Grand Total: 1408 creatures vanquished

Notes
Turn   | Place    | Note
-------+----------+-------------------------------------------
     0 | D:1      | rjrrt the Minotaur Berserker began the quest for the Orb.
     0 | D:1      | Reached XP level 1. HP: 19/19 MP: 0/0
    46 | D:1      | Reached skill level 4 in Axes
    65 | D:1      | Reached XP level 2. HP: 21/26 MP: 1/1
   266 | D:1      | Reached skill level 5 in Axes
   435 | D:1      | Reached ** piety under Trog
   468 | D:1      | Reached XP level 3. HP: 31/31 MP: 2/2
  1505 | D:2      | Found a faded altar of an unknown god.
  1786 | D:2      | Reached skill level 6 in Axes
  1786 | D:2      | Reached XP level 4. HP: 7/39 MP: 3/3
  2518 | D:3      | Reached XP level 5. HP: 42/45 MP: 4/4
  2536 | D:3      | Reached skill level 7 in Axes
  2636 | D:3      | Reached *** piety under Trog
  2866 | D:3      | Found an opulent altar of Gozag.
  3253 | D:4      | Noticed Grinder
  3260 | D:4      | Killed Grinder
  3261 | D:4      | Reached skill level 8 in Axes
  3261 | D:4      | Reached XP level 6. HP: 51/51 MP: 5/5
  3331 | D:4      | Reached skill level 9 in Axes
  3633 | D:4      | Found a snail-covered altar of Cheibriados.
  3634 | D:4      | Found a shimmering altar of Xom.
  3663 | D:4      | Reached XP level 7. HP: 33/57 MP: 6/6
  3798 | D:4      | Found a broken altar of Ashenzari.
  3864 | D:4      | Found an iron altar of Okawaru.
  4103 | D:4      | Reached skill level 10 in Axes
  4296 | D:5      | Entered Level 5 of the Dungeon
  4370 | D:5      | Found a sparkling altar of Nemelex Xobeh.
  4598 | D:5      | Reached skill level 11 in Axes
  4658 | D:5      | Found a white marble altar of Elyvilon.
  4713 | D:5      | Reached XP level 8. HP: 62/66 MP: 7/7
  4955 | D:5      | Found a glowing silver altar of Zin.
  5106 | D:5      | Reached skill level 1 in Evocations
  5551 | D:6      | Reached **** piety under Trog
  5692 | D:6      | Found a bloodstained altar of Trog.
  5699 | D:6      | Identified the +4 dagger "Ikohist" {venom, rElec Will+++
                  | Dex-5 Stlth-}
  5736 | D:6      | Found a burning altar of Makhleb.
  5742 | D:6      | Found a shadowy altar of Dithmenos.
  5747 | D:6      | Found a shimmering blue altar of Sif Muna.
  5799 | D:6      | Found a staircase to the Ecumenical Temple.
  6195 | D:6      | Reached skill level 12 in Axes
  6328 | D:6      | Found a blossoming altar of Fedhas.
  6352 | D:6      | Found the +1 cloak of Starlight {*Dazzle EV+4 Stlth--}
  6378 | D:6      | Found a runed translucent door.
  6379 | D:6      | Noticed Crazy Yiuf
  6384 | D:6      | Killed Crazy Yiuf
  6581 | D:6      | Reached skill level 5 in Fighting
  6712 | D:7      | Reached XP level 9. HP: 74/74 MP: 8/8
  6747 | D:7      | Found a stormy altar of Qazlal.
  7715 | D:8      | Reached skill level 5 in Armour
  7733 | D:8      | Identified the +4 scale mail of Giluulou {rElec}
  7797 | D:8      | Reached skill level 13 in Axes
  7802 | D:8      | Reached skill level 5 in Dodging
  8277 | D:8      | Found a shimmering altar of Xom.
  8553 | D:8      | Identified a scroll of acquirement
  8553 | D:8      | Acquired the +1 hat of Weocylo {rF+ Str+2 Int+3}
  8621 | D:9      | Reached XP level 10. HP: 69/84 MP: 9/9
  8680 | D:9      | Reached ***** piety under Trog
  8739 | D:9      | Paralysed by a hornet for 1 turns
  8743 | D:9      | Found a flagged portal.
  8761 | Bailey   | Entered a bailey
  8791 | Bailey   | Noticed an orc warlord
  8862 | Bailey   | Noticed an orc knight
  8880 | Bailey   | Killed an orc knight
  9052 | Bailey   | Noticed an orc knight
  9073 | Bailey   | Killed an orc knight
  9131 | Bailey   | Found a runed translucent gate.
  9134 | Bailey   | Found a runed translucent gate.
  9139 | Bailey   | Found a runed translucent gate.
  9312 | Bailey   | Killed an orc warlord
  9313 | Bailey   | Reached skill level 14 in Axes
  9358 | Bailey   | Reached skill level 16 in Axes
  9358 | Bailey   | Reached XP level 11. HP: 93/93 MP: 10/10
  9460 | D:9      | Reached skill level 5 in Evocations
  9464 | D:9      | Found a staircase to the Lair.
  9650 | D:9      | Found a sacrificial altar of Ru.
  9903 | D:9      | Found a hazy altar of Hepliaklqana.
  9961 | Lair:1   | Entered Level 1 of the Lair of Beasts
  9991 | Lair:1   | Reached skill level 17 in Axes
 10246 | Lair:1   | Reached XP level 12. HP: 76/101 MP: 11/11
 10253 | Lair:1   | Reached skill level 19 in Axes
 10253 | Lair:1   | Reached XP level 13. HP: 68/107 MP: 12/12
 11089 | Lair:2   | Identified the ring "Wixi" {*Contam rPois rF+ Will+ AC+4}
 11114 | Lair:2   | Found a runed translucent door.
 11117 | Lair:2   | Noticed rz's ghost (journeyman NaVM)
 11135 | Lair:2   | Found a basalt altar of Yredelemnul.
 11983 | Lair:2   | Killed rz's ghost
 12324 | Lair:3   | Received a gift from Trog
 12491 | Lair:3   | Found a hole to the Spider Nest.
 12819 | Lair:3   | Identified the +1 robe of Resonance {+Blink Str+2}
 13401 | Lair:4   | Found a stormy altar of Qazlal.
 13436 | Lair:4   | Reached skill level 10 in Fighting
 14289 | Lair:4   | Found a staircase to the Shoals.
 14472 | Lair:5   | Reached XP level 14. HP: 121/121 MP: 4/13
 14478 | Lair:5   | Reached skill level 10 in Armour
 14479 | Lair:5   | Reached skill level 20 in Axes
 14489 | Lair:5   | Received a gift from Trog
 14810 | Lair:5   | Found a staircase to the Slime Pits.
 15340 | Lair:6   | Entered Level 6 of the Lair of Beasts
 16116 | Lair:6   | Reached skill level 10 in Dodging
 16149 | Lair:6   | Reached ****** piety under Trog
 16507 | Lair:6   | Received a gift from Trog
 16761 | Lair:6   | Noticed Kirke
 16791 | Lair:6   | Killed Kirke
 16792 | Lair:6   | Reached XP level 15. HP: 126/130 MP: 4/14
 17033 | Lair:6   | Identified the +2 leather armour of the Hart {Stlth+}
 17392 | D:10     | Entered Level 10 of the Dungeon
 17396 | D:10     | Reached skill level 21 in Axes
 17488 | D:10     | Noticed Maurice
 17491 | D:10     | Killed Maurice
 17845 | D:10     | Noticed Erolcha
 17859 | D:10     | Killed Erolcha
 18350 | D:11     | Identified the +10 spear of Painful Death {vamp, Str+5
                  | Dex+2}
 19107 | D:12     | Found a staircase to the Orcish Mines.
 19130 | D:12     | Received a gift from Trog
 19656 | D:12     | Identified the +7 falchion of the King {protect, SInv}
 20056 | Orc:1    | Entered Level 1 of the Orcish Mines
 20183 | Orc:1    | Noticed an orc warlord
 20198 | Orc:1    | Killed an orc warlord
 20798 | Orc:2    | Entered Level 2 of the Orcish Mines
 20969 | Orc:2    | Received a gift from Trog
 21300 | Orc:2    | Noticed an orc warlord
 21303 | Orc:2    | Killed an orc warlord
 21954 | Orc:2    | Found a staircase to the Elven Halls.
 22652 | Orc:2    | Found Aseink's Antique Armour Shoppe.
 22653 | Orc:2    | Found Syrij's Antique Weapon Shoppe.
 22655 | Orc:2    | Found Gastyelu's General Store.
 22655 | Orc:2    | Found Ganto's Jewellery Emporium.
 23221 | D:13     | Received a gift from Trog
 23576 | D:13     | Found Gan Fuq's General Store.
 23585 | D:13     | Bought a scroll of enchant armour for 112 gold pieces
 23660 | D:13     | Found Dif Tumn's Assorted Antiques.
 23663 | D:13     | Bought a scroll of enchant armour for 187 gold pieces
 23708 | D:13     | Found Umutine's Antique Weapon Shop.
 24001 | D:13     | Found Tuivigh's Antique Weapon Boutique.
 24049 | D:13     | Found Caiqopoj's Weapon Boutique.
 24077 | D:13     | Noticed Sonja
 24078 | D:13     | Noticed Sonja
 24078 | D:13     | Sonja changed into Sonja the rime drake
 24082 | D:13     | Killed Sonja the rime drake
 24393 | D:14     | Reached XP level 16. HP: 124/141 MP: 5/15
 24402 | D:14     | Found a gate to the Vaults.
 24437 | D:14     | Reached skill level 22 in Axes
 24744 | D:14     | Noticed Rupert
 24755 | D:14     | Killed Rupert
 25407 | D:14     | Reached skill level 10 in Evocations
 25607 | D:15     | Entered Level 15 of the Dungeon
 25634 | D:15     | Received a gift from Trog
 25974 | D:15     | Found a staircase to the Depths.
 26368 | D:15     | Identified the +9 falchion "Lorroy" {venom, +Fly rC++ Will-
                  | Int+4}
 27149 | Spider:1 | Entered Level 1 of the Spider Nest
 27520 | Spider:1 | Identified Roxanne's Incunabulum of Transmigration
 27520 | Spider:1 | Noticed Roxanne
 28143 | Spider:2 | Received a gift from Trog
 28765 | Spider:2 | Acquired 1190 gold pieces
 28928 | Spider:2 | Reached XP level 17. HP: 133/152 MP: 5/16
 28952 | Spider:2 | Reached skill level 23 in Axes
 29834 | Spider:2 | Received a gift from Trog
 30417 | Spider:4 | Entered Level 4 of the Spider Nest
 31249 | Spider:4 | Received a gift from Trog
 31906 | Spider:4 | Received a gift from Trog
 31978 | Spider:4 | Reached skill level 15 in Fighting
 32355 | Spider:4 | Reached skill level 24 in Axes
 32372 | Spider:4 | Got a gossamer rune of Zot
 32652 | Shoals:1 | Entered Level 1 of the Shoals
 32670 | Shoals:1 | Noticed Jorgrun
 32676 | Shoals:1 | Killed Jorgrun
 32697 | Shoals:1 | Reached XP level 18. HP: 126/163 MP: 5/17
 32973 | Shoals:2 | Reached skill level 15 in Armour
 33443 | Shoals:3 | Received a gift from Trog
 33462 | Shoals:3 | Found Omnad's Assorted Antiques.
 34015 | Shoals:3 | Noticed Polyphemus
 34029 | Shoals:3 | Killed Polyphemus
 34727 | Shoals:4 | Entered Level 4 of the Shoals
 35120 | Shoals:4 | Found Waongatu's Armour Boutique.
 35248 | Shoals:4 | Identified the Disquisition on Earthen Venom
 37157 | Shoals:4 | Got a barnacled rune of Zot
 37527 | Vaults:1 | Entered Level 1 of the Vaults
 37964 | Vaults:1 | Reached skill level 25 in Axes
 38044 | Vaults:1 | Reached XP level 19. HP: 86/172 MP: 6/18
 38633 | Vaults:1 | Noticed Donald
 38647 | Vaults:1 | Killed Donald
 38706 | Vaults:1 | Received a gift from Trog
 38971 | Vaults:1 | Reached skill level 15 in Dodging
 39860 | Vaults:2 | Found a staircase to the Crypt.
 40103 | Vaults:2 | Noticed Jory
 40114 | Vaults:2 | Killed Jory
 40187 | Vaults:2 | Received a gift from Trog
 40754 | Vaults:2 | Noticed Saint Roka
 40765 | Vaults:2 | HP: 2/174 [tengu reaver/bolt of acid (33)]
 40765 | Vaults:2 | Splashed by a tengu reaver's acid

Illustrated notes

Levels and vault maps discovered:
D:1:      giann_bridges, layout_basic, minmay_vboxes
D:2:      layout_loops_ring, chequers_ecumenical_altar_simple_redux
D:3:      layout_loops_corners, lemuel_doored_altar
D:4:      layout_loops_cross, kennysheep_okawaru_gauntlet, ashenzari_altar_1,
          grunt_temple_overflow_open, uniq_grinder
D:5:      layout_basic, kennysheep_mini_moat, nicolae_overflow_hidden_temple,
          basic_altar
D:6:      wander_river, layout_loops_ring, kennysheep_mini,
          grunt_temple_overflow_diamond, bloody_trog, minmay_temple_entry_tees,
          uniq_crazy_yiuf_cottage
D:7:      layout_basic, lemuel_round_altar
D:8:      layout_cave_pods, basic_altar
D:9:      kennysheep_steamy, layout_rooms, nicolae_ru_path_of_blood,
          lemuel_crystal_altar, lair_entry_dummy, enter_bailey_2
D:10:     layout_roguey, uniq_erolcha, uniq_maurice
D:11:     layout_basic
D:12:     layout_stronghold, david_orc_3, minmay_protected_statue
D:13:     layout_long_grid, serial_shops, shop, nicolae_shop_statue_plus, shop,
          shop_statue, nicolae_shop_behind_doors, lightli_minifort, uniq_sonja
D:14:     layout_gridville, erik_vaults_2, hangedman_fish_farm, uniq_rupert
D:15:     hangedman_depths_entry_civil_slaughter, layout_gridville,
          small_statue_intersection, laboratory
Lair:1:   layout_regular_city, lemuel_fruit_tree, minmay_lair_oklob_chamber
Lair:2:   layout_roguey, ebering_ghost_inner_flame, basic_altar,
          chequers_serial_rivers_micro_e
Lair:3:   layout_misc_corridors, nicolae_spider_entry_tight_spaces
Lair:4:   layout_gridlike, minmay_shoals_entry_hut, basic_altar
Lair:5:   layout_long_grid, nicolae_slime_entry_slimehenge, grunt_megastairs_2
Lair:6:   hangedman_lair_caniforms_friends, layout_cave_pods,
          hangedman_lair_in_review, uniq_kirke
Shoals:1: layout_shoals, regret_index_shoals_crete, uniq_jorgrun
Shoals:2: layout_shoals, nicolae_shoals_square_sea_wall,
          nicolae_shoals_circle_sea_wall
Shoals:3: layout_shoals, serial_shops, shop, nicolae_shoals_dead_sea_scrolls,
          uniq_polyphemus
Shoals:4: shoals_end_grunt_ice, layout_shoals, serial_shops, shop,
          hangedman_shoals_cup_caves
Spider:1: layout_spider_delve, drop_trap, uniq_louise, uniq_roxanne
Spider:2: layout_spider_delve
Spider:3: layout_spider_delve
Spider:4: floodkiller_spider_rune_tomb, hive_lemuel
Orc:1:    layout_caves, mines2_david
Orc:2:    st_orc_congregation, layout_caves, portal_ice_cave_demonic_guard
Vaults:1: v_alt_pattern_1, nicolae_vaults_theta,
          nicolae_vaults_mini_display_case, hangedman_vaults_unwind,
          ontoclasm_vaults_loading_screen, vaults_room_grid,
          nicolae_vaults_yaktaur_gun_rack, v_misc_8, hangedman_vaults_cutoff,
          vaults_dpeg_spiral, nicolae_vaults_big_angled_halls,
          hangedman_vaults_corner_blocks, v_misc_23,
          ontoclasm_vaults_loading_screen, layout_vaults_maze_snakey,
          uniq_donald
Vaults:2: minmay_crypt_entry_simple_plaza, vaults_room_door_hall,
          hangedman_vaults_corner_blocks, st_hourglassy, v_misc_28, v_rooms_3,
          v_misc_24, ontoclasm_vaults_decontamination, nicolae_vaults_network_s,
          grunt_vaults_hallway_short, layout_vaults_ring, uniq_saint_roka,
          uniq_sojobo, uniq_jory

Skill      XL: |  1  2  3  4  5  6  7  8  9 10 11 12 13 14 15 16 17 18 19 |
---------------+----------------------------------------------------------+-----
Axes           | 4 5 6 8 9 11 12 13 16 17 19 20 21 22 24 25 | 25.7
Armour         | 4 5 7 9 11 12 13 14 15 16 | 16.6
Evocations     | 2 4 5 7 8 9 10 | 10.4
Fighting       | 5 6 7 8 10 11 12 14 15 16 | 16.8
Dodging        | 3 5 6 9 10 11 12 13 14 15 | 15.0

Action                   |  1- 3 |  4- 6 |  7- 9 | 10-12 | 13-15 | 16-18 | 19-21 || total
-------------------------+-------+-------+-------+-------+-------+-------+-------++-------
Melee: Hand axe          |    51 |    95 |   126 |       |       |       |       ||   272
       Headbutt          |    11 |    11 |    49 |    19 |   214 |   272 |    57 ||   633
       Whip              |    33 |       |       |       |    47 |     5 |       ||    85
       Spear             |       |       |     6 |       |       |       |       ||     6
       Battleaxe         |       |       |    83 |   114 |   164 |       |       ||   361
       Executioner's axe |       |       |       |       |   768 |  1134 |   223 ||  2125
Throw: Boomerang         |       |       |       |     8 |       |       |       ||     8
Invok: Trog's Hand       |     1 |     1 |       |       |     2 |       |     1 ||     5
       Berserk           |       |     2 |     4 |     1 |     7 |     3 |       ||    17
       Brothers in Arms  |       |       |       |     1 |     3 |     7 |     2 ||    13
Evoke: Wand              |       |       |       |     9 |    18 |     3 |       ||    30
  Use: Scroll            |       |       |    14 |     4 |    16 |     5 |     5 ||    44
       Potion            |       |       |       |     2 |       |     1 |     1 ||     4
 Stab: Sleeping          |       |     1 |       |       |       |       |       ||     1
       Invisible         |       |       |     5 |     1 |    28 |    46 |    10 ||    90
       Distracted        |       |       |       |     1 |       |     2 |     1 ||     4
       Petrifying        |       |       |       |       |     2 |       |       ||     2
       Petrified         |       |       |       |       |     2 |       |       ||     2
       Held in net/web   |       |       |       |       |       |     1 |       ||     1
Armor: Animal skin       |    10 |     3 |       |       |       |       |       ||    13
       Ring mail         |       |    10 |    34 |       |       |       |       ||    44
       Scale mail        |       |       |    41 |    44 |   378 |       |       ||   463
       Plate armour      |       |       |    10 |       |   120 |   746 |    98 ||   974
Dodge: Dodged            |    65 |    34 |   136 |   105 |   924 |  1512 |   176 ||  2952

Table legend: (Time is in decaauts)
 A = Elapsed time spent in this place.
 B = Non-inter-level travel time spent in this place.
 C = Inter-level travel time spent in this place.
 D = Time resting spent in this place.
 E = Time spent auto-exploring this place.
 F = Levels seen in this place.
 G = Mean time per level.
                   A        B        C        D        E       F      G
               +--------+--------+--------+--------+--------+-----+--------+
         Total |  40932 |  38567 |   2365 |   8676 |  20125 |  34 | 1203.9 |
       Dungeon |  16813 |  15517 |   1296 |   1721 |  11324 |  15 | 1120.9 |
          Lair |   7648 |   7123 |    525 |    792 |   4516 |   6 | 1274.7 |
        Shoals |   4787 |   4607 |    180 |   2259 |      0 |   4 | 1196.8 |
   Spider Nest |   5456 |   5335 |    121 |   1759 |   2348 |   4 | 1364.0 |
  Orcish Mines |   2659 |   2594 |     65 |   1015 |    851 |   2 | 1329.5 |
        Vaults |   2907 |   2731 |    176 |    913 |   1085 |   2 | 1453.5 |
        Bailey |    660 |    660 |      0 |    215 |      0 |   1 |  660.0 |
               +--------+--------+--------+--------+--------+-----+--------+

Top non-repeatable levels by time:
Shoals:4: 2506 daAuts
Vaults:1: 2243 daAuts
Spider:2: 1986 daAuts
  Lair:6: 1930 daAuts
Spider:4: 1900 daAuts
    D:14: 1525 daAuts
    D:13: 1515 daAuts
  Lair:3: 1406 daAuts
    D:15: 1406 daAuts
   Orc:2: 1338 daAuts
   Orc:1: 1321 daAuts
    D:12: 1301 daAuts
     D:3: 1270 daAuts
  Lair:4: 1222 daAuts
     D:5: 1214 daAuts
